 Dungeon Crawl Stone Soup version 0.24-a0-355-gbe4061de67 (webtiles) character file.

Game seed: 2969101617099653514

359 D1HalberdGnoll the Grave Robber (level 6, 0/47 HPs)
             Began as a Demonspawn Necromancer on May 24, 2019.
             Slain by a hound (1 damage)
             ... on level 3 of the Dungeon.
             The game lasted 00:05:01 (3327 turns).

D1HalberdGnoll the Grave Robber (DsNe)              Turns: 3327, Time: 00:05:01

Health: 0/47       AC:  4    Str:  8    XL:     6   Next: 37%
Magic:  0/10       EV: 13    Int: 19    God:
Gold:   175        SH:  0    Dex: 13    Spells: 2/11 levels left

rFire    . . .     SeeInvis .   u - +1 mace (drain)
rCold    . . .     Gourm    .   (no shield)
rNeg     . . .     Faith    .   a - +0 robe
rPois    +         Spirit   +   (helmet unavailable)
rElec    .         Reflect  .   i - +0 cloak
rCorr    .         Harm     .   (no gloves)
MR       .....                  (no boots)
Stlth    ++........             (no amulet)
HPRegen  0.15/turn              (no ring)
MPRegen  0.24/turn              (no ring)

@: lethally poisoned (0 -> -12)
A: horns 3, rugged brown scales 1, poison resistance, magic shield, magic
regeneration
a: no special abilities


You were on level 3 of the Dungeon.
You were not hungry.

You visited 1 branch of the dungeon, and saw 4 of its levels.

You collected 175 gold pieces.

Inventory:

Hand Weapons
 u - a +1 mace of draining (weapon)
Armour
 a - a +0 robe (worn)
 i - a +0 cloak (worn)
Scrolls
 f - a scroll of amnesia {unknown}
 g - 2 scrolls of fear {unknown}
 h - 2 scrolls of enchant armour {unknown}
 k - 2 scrolls of remove curse {unknown}
 m - 2 scrolls of identify {unknown}
 o - a scroll of magic mapping {unknown}
 p - 3 scrolls of fog {unknown}
 q - 2 scrolls of teleportation {unknown}
 r - 3 scrolls of immolation {unknown}
Potions
 d - a potion of mutation
 e - 2 potions of ambrosia {unknown}
 j - a potion of degeneration {unknown}
 l - a potion of resistance {unknown}
 n - a potion of curing {unknown}
 s - a potion of agility {unknown}
 t - a potion of flight {unknown}
Comestibles
 c - 7 rations


   Skills:
 + Level 2.6 Fighting
 + Level 3.1 Dodging
 - Level 1.7 Stealth
 + Level 3.2 Spellcasting
 * Level 6.3 Necromancy


You had 2 spell levels left.
You knew the following spells:

 Your Spells              Type           Power        Failure   Level  Hunger
a - Pain                  Necr           ####         1%          1    None
b - Animate Dead          Necr           N/A          11%         4    ####...
c - Vampiric Draining     Necr           ####......   3%          3    ###....
s - Animate Skeleton      Necr           N/A          1%          1    None

Your spell library contained the following spells:

 Spells                   Type           Power        Failure   Level  Hunger
 Regeneration             Chrm/Necr      ###.......   12%         3    ###....


Dungeon Overview and Level Annotations

Branches:
Dungeon (4/15)
 Temple: D:4-7

Altars:


Innate Abilities, Weirdness & Mutations

You have a pair of large horns on your head.
You are partially covered in rugged brown scales. (AC +1, +3% HP)
When hurt, damage is shared between your health and your magic reserves.
You regenerate magic rapidly.
Your system is resistant to poisons. (rPois)


Message History

* * * LOW HITPOINT WARNING * * *
The hound bites you.
* * * LOW HITPOINT WARNING * * *
The worker ant barely misses you.
Casting: Vampiric Draining (safe; 3% risk of failure)
Confirm with . or Enter, or press ? or * to list all spells.
You don't have enough magic to cast that spell.
You barely miss the hound.
The hound is severely wounded.
You feel sick. The hound bites you but does no damage.
The hound barely misses you. The worker ant bites you!
* * * LOW HITPOINT WARNING * * *
You are more poisoned.
The worker ant poisons you! The hound bites you.
* * * LOW HITPOINT WARNING * * *
It was a potion of mutation.
You feel extremely strange.
You feel resistant to poisons. The horns on your head grow some more.
* * * LOW HITPOINT WARNING * * *
You feel sick. The worker ant misses you. The hound bites you.
You die...

#.####...####ZZ.....#.##....##..
#........Z.ZZ.##Z..##.##.##.##..
######...########Z###.##.##.##..
##.## ###........##.##.. #.#
#.)...........##.. #.#
#.#####........... #.# #.#
######..###) #.#######a# #......
#.......h@# #.####( ###########
#.####. #...... #######


You could see a hound and a worker ant.

Vanquished Creatures
  A howler monkey (D:4)
  2 hounds (D:3)
  An orc priest (D:3)
  Terence (D:2)
  Natasha (thrice) (D:2)
  4 adders (D:2)
  An ooze (D:1)
  An adder skeleton (D:4)
  A worm (D:3)
  A dart slug (D:1)
  2 leopard geckos
  8 orcs (D:3)
  3 bats
  2 giant cockroaches (D:2)
  7 goblins
  4 hobgoblins
  8 jackals
  9 kobolds
  2 frilled lizards
  A jackal skeleton (D:4)
  6 rats
68 creatures vanquished.

Vanquished Creatures (collateral kills)
  2 adders (D:2)
  A ball python (D:1)
  A bat (D:2)
  A frilled lizard (D:2)
  A kobold (D:2)
  A rat (D:1)
7 creatures vanquished.

Grand Total: 75 creatures vanquished

Notes
Turn   | Place    | Note
-------+----------+-------------------------------------------
     0 | D:1      | D1HalberdGnoll the Demonspawn Necromancer began the quest
                  | for the Orb.
     0 | D:1      | Reached XP level 1. HP: 13/13 MP: 3/3
   109 | D:1      | Learned a level 1 spell: Animate Skeleton
   226 | D:1      | Gained mutation: When hurt, damage is shared between your
                  | health and your magic reserves. [demonic ancestry]
   226 | D:1      | Reached XP level 2. HP: 14/20 MP: 5/5
  1005 | D:2      | Reached skill level 1 in Fighting
  1005 | D:2      | Gained mutation: You regenerate magic rapidly. [demonic
                  | ancestry]
  1005 | D:2      | Reached XP level 3. HP: 21/26 MP: 4/6
  1094 | D:2      | Reached skill level 5 in Necromancy
  1351 | D:2      | Gained mutation: You are partially covered in rugged brown
                  | scales. (AC +1, +3% HP) [demonic ancestry]
  1351 | D:2      | Reached XP level 4. HP: 22/32 MP: 4/7
  1400 | D:2      | Noticed Terence
  1408 | D:2      | Killed Terence
  1675 | D:2      | Noticed Natasha
  1681 | D:2      | Killed Natasha
  1819 | D:2      | Noticed Natasha
  1839 | D:2      | Killed Natasha
  1839 | D:2      | Gained mutation: You have a pair of small horns on your
                  | head. [demonic ancestry]
  1839 | D:2      | Reached XP level 5. HP: 8/39 MP: 3/9
  1909 | D:2      | Noticed Natasha
  1925 | D:2      | Killed Natasha
  2336 | D:3      | Learned a level 4 spell: Animate Dead
  2340 | D:3      | Learned a level 3 spell: Vampiric Draining
  2549 | D:3      | Reached skill level 6 in Necromancy
  2741 | D:3      | Gained mutation: You have a pair of horns on your head.
                  | [demonic ancestry]
  2741 | D:3      | Reached XP level 6. HP: 40/47 MP: 7/10
  3326 | D:3      | HP: 2/47 [hound (2)]
  3327 | D:3      | Gained mutation: Your system is resistant to poisons.
                  | (rPois) [potion of mutation]
  3327 | D:3      | Gained mutation: You have a pair of large horns on your
                  | head. [potion of mutation]
  3327 | D:3      | Slain by a hound

Levels and vault maps discovered:
D:1:      psy_arrival_fountain, layout_basic
D:2:      layout_basic, uniq_natasha, uniq_terence
D:3:      layout_loops_ring
D:4:      layout_basic, kennysheep_mini_moat

Skill      XL: |  1  2  3  4  5 |
---------------+----------------+-----
Dodging        | 2 3 |  3.1
Fighting       | 1 2 |  2.6
Necromancy     | 5 6 |  6.3
Spellcasting   | 3 |  3.2
Stealth        | |  1.7

Action                   |  1- 3 |  4- 6 || total
-------------------------+-------+-------++-------
Melee: Hand axe          |    83 |       ||    83
       Mace              |       |    69 ||    69
       Headbutt          |       |     7 ||     7
 Cast: Pain              |    15 |    66 ||    81
       Animate Skeleton  |    14 |     9 ||    23
       Animate Dead      |       |     2 ||     2
       Vampiric Draining |       |     1 ||     1
  Use: Potion            |       |     1 ||     1
 Stab: Sleeping          |     1 |     1 ||     2
       Distracted        |     1 |       ||     1
  Eat: Chunk             |     2 |     7 ||     9
Armor: Robe              |    20 |    19 ||    39
Dodge: Dodged            |    56 |    72 ||   128

Table legend:
 A = Non-vault XP
 B = Vault XP
 C = Vault XP percentage of total XP
 D = Non-vault monster count
 E = Vault monster count
 F = Vault count percentage of total count
                 A         B        C        D         E       F
            +---------+---------+-------+---------+---------+-------
      Total |     442 |      71 |  13.8 |      73 |       2 |   2.7
            +---------+---------+-------+---------+---------+-------
        D:1 |      35 |       0 |   0.0 |      17 |       0 |   0.0
        D:2 |     170 |      71 |  29.5 |      25 |       2 |   7.4
        D:3 |     180 |       0 |   0.0 |      28 |       0 |   0.0
        D:4 |      57 |       0 |   0.0 |       3 |       0 |   0.0
            +---------+---------+-------+---------+---------+-------
